Map: 环轨星港

Players

小叮当 - Winner!

  • Race: Protoss Protoss
  • League: Master

电脑难度(新手)

  • Race: Zerg Zerg

VOD

Have the link to the VOD?

Description

Time

  • Played on: March 12, 2016, 10:10 p.m.
  • Length: 6:42
Show
View Real Time Build Order
Export as new Build Order

小叮当 Protoss - Winner!

Build Orders: 1 Gate Expand 

Get SALT Encoding   

  12  0:01  Probe (Chrono Boost)  
  13  0:11  Probe (Chrono Boost)  
  14  0:18  Pylon  
  14  0:22  Probe (Chrono Boost)  
  15  0:36  Probe (Chrono Boost)  
  15  0:37  Gateway  
  16  0:45  Assimilator  
  16  0:48  Probe (Chrono Boost)  
  17  0:59  Probe (Chrono Boost)  
  18  1:10  Probe (Chrono Boost)  
  19  1:24  Nexus  
  19  1:34  Cybernetics Core  
  19  1:38  Probe (Chrono Boost)  
  20  1:47  Pylon  
  20  1:51  Probe (Chrono Boost)  
  20  2:02  Probe (Chrono Boost)  
  21  2:11  Robotics Facility  
  21  2:13  Assimilator, Probe (Chrono Boost)  
  22  2:17  Warp Gate  
  22  2:23  Adept (Chrono Boost)  
  22  2:26  Probe  
  25  2:38  Probe x2  
  27  2:49  Probe  
  27  2:50  Probe  
  29  3:00  Immortal (Chrono Boost), Probe  
  29  3:02  Probe (Chrono Boost)  
  35  3:09  Twilight Council  
  35  3:12  Probe (Chrono Boost)  
  36  3:17  Probe (Chrono Boost)  
  37  3:23  Probe (Chrono Boost)  
  38  3:29  Probe (Chrono Boost)  
  38  3:33  Warp Prism  
  38  3:34  Probe (Chrono Boost)  
  40  3:38  Gateway  
  42  3:42  Probe (Chrono Boost)  
  42  3:46  Resonating Glaives (Chrono Boost)  
  42  3:47  Probe  
  44  3:52  Pylon  
  44  3:53  Probe  
  45  3:59  Probe  
  46  4:05  Immortal  
  46  4:10  Probe  
  46  4:12  Gateway  
  46  4:16  Gateway  
  51  4:20  Gateway  
  51  4:25  Gateway  
  51  4:30  Gateway  
  51  4:36  Pylon  
  51  4:39  Pylon  
  51  4:41  Pylon  
  51  4:44  Pylon  
  51  4:47  Pylon  
  51  5:02  Pylon  
  51  5:12  Adept x4  
  59  5:16  Adept  
  61  5:21  Adept  
  61  5:27  Adept  
  65  5:41  Adept x3  
  65  5:42  Adept x3  
  77  5:59  Adept  
  77  6:02  Adept x4  
  77  6:03  Adept x2  
  91  6:21  Adept  
  91  6:22  Adept x2  
  91  6:23  Adept x2  
Show
View Real Time Build Order
Export as new Build Order

电脑难度(新手) Zerg 

Build Orders: Pool First 

Get SALT Encoding   

  12  0:00  Drone  
  13  0:12  Overlord  
  13  0:17  Drone  
  14  0:35  Spawning Pool  
  13  0:37  Drone  
  13  0:42  Extractor  
  13  0:44  Drone  
  14  0:51  Overlord  
  14  1:22  Queen  
  14  1:23  Zergling x2  
  17  1:29  Roach Warren  
  17  1:31  Drone  
  17  1:36  Extractor  
  16  1:40  Drone  
  16  1:42  Zergling x2  
  18  1:56  Drone  
  18  2:01  Zergling x2  
  20  2:06  Drone  
  21  2:17  Drone  
  22  2:29  Overlord, Drone  
  23  2:36  Drone  
  24  2:43  Drone  
  25  5:39  Zergling x2  
  23  5:49  Overlord, Drone  
  24  5:56  Drone  
  25  5:59  Hatchery  
  25  6:03  Drone  
  24  6:10  Drone  
  21  6:18  Drone  
  4  6:25  Drone  
Tags
 
Add a new tag
Caveats
  • Supply blocks, unpowered buildings, or Contaminate may cause inaccurate times.
  • Supply counts are checked every 10 seconds.